Map: 莱瑞拉克之冠

Players

shengy

  • Race: Zerg Zerg
  • League: Platinum

Catalyst - Winner!

  • Race: Terran Terran
  • League: Platinum

VOD

Have the link to the VOD?

Description

Time

  • Played on: Jan. 2, 2016, 3:51 p.m.
  • Length: 8:37
Show
View Real Time Build Order
Export as new Build Order

shengy Zerg 

Build Orders: Hatch First 

Get SALT Encoding   

  12  0:01  Drone  
  13  0:08  Drone  
  14  0:16  Overlord  
  14  0:35  Drone x3  
  17  0:46  Drone  
  18  0:56  Hatchery  
  17  1:02  Drone  
  18  1:08  Extractor, Drone  
  18  1:19  Spawning Pool  
  18  1:23  Drone  
  18  1:28  Drone  
  19  1:39  Overlord  
  19  1:52  Drone  
  21  2:01  Drone  
  21  2:06  Queen  
  21  2:08  Queen  
  25  2:11  Zergling x2  
  25  2:13  Zergling x2  
  27  2:25  Zergling x2  
  28  2:30  Spore Crawler  
  28  2:48  Drone x4  
  28  2:49  Drone  
  33  2:52  Overlord  
  33  3:01  Queen  
  35  3:08  Zergling x2  
  35  3:12  Roach Warren  
  34  3:29  Extractor  
  34  3:33  Queen  
  35  3:54  Zergling x2  
  35  3:56  Roach x4  
  35  3:58  Overlord  
  43  4:08  Overlord x2  
  43  4:14  Metabolic Boost  
  43  4:17  Lair  
  42  4:28  Drone x7  
  42  4:29  Drone x3  
  52  4:41  Drone x2  
  52  4:42  Hatchery  
  53  4:52  Extractor  
  52  4:53  Extractor  
  52  4:54  Overlord  
  52  4:55  Drone x2  
  52  4:58  Drone x2  
  55  5:03  Ravager x3  
  55  5:05  Drone x2  
  60  5:11  Drone x2  
  62  5:16  Evolution Chamber  
  61  5:33  Drone x6  
  67  5:43  Glial Reconstitution  
  67  5:47  Zerg Missile Weapons Level 1  
  67  5:48  Evolution Chamber  
  66  5:52  Overlord  
  66  5:53  Overlord  
  66  5:55  Drone x3  
  69  6:05  Overlord  
  68  6:15  Drone  
  68  6:16  Extractor x2, Drone x5  
  72  6:19  Drone  
  72  6:22  Queen, Drone  
  76  6:28  Zerg Ground Armor Level 1  
  76  6:30  Drone  
  77  6:35  Drone  
  77  6:39  Overlord  
  78  6:40  Drone  
  78  6:41  Drone x4  
  83  6:52  Drone  
  84  6:54  Overlord  
  84  6:55  Overlord x2  
  84  6:58  Infestation Pit  
  84  7:01  Ravager  
  83  7:09  Drone x3  
  83  7:10  Drone x2  
  83  7:15  Overseer  
  88  7:18  Roach x2  
  88  7:19  Roach x5  
  102  7:25  Overlord  
  102  7:26  Roach  
  104  7:34  Pathogen Glands  
  104  7:41  Pneumatized Carapace  
  104  7:46  Roach x2  
  104  7:47  Roach x6  
  104  7:50  Overseer  
  120  7:55  Overseer  
  120  7:57  Hatchery  
  119  7:59  Extractor, Overlord  
  119  8:00  Extractor, Roach x4  
  117  8:15  Roach x9  
Show
View Real Time Build Order
Export as new Build Order

Catalyst Terran - Winner!

Build Orders: MMM Bio 

Get SALT Encoding   

  12  0:01  SCV  
  13  0:13  SCV  
  14  0:18  Supply Depot  
  14  0:26  SCV  
  15  0:39  SCV  
  15  0:41  Barracks  
  16  0:44  Refinery  
  16  0:51  SCV  
  17  1:04  SCV  
  18  1:16  SCV  
  19  1:30  Orbital Command  
  19  1:31  Reaper  
  20  1:34  Supply Depot  
  20  1:55  SCV  
  20  2:00  Refinery  
  21  2:03  Reaper  
  21  2:05  Command Center  
  21  2:08  SCV  
  23  2:20  SCV  
  24  2:41  Reaper  
  25  2:44  SCV  
  25  2:45  Factory  
  26  3:00  Supply Depot  
  26  3:21  SCV  
  26  3:22  Orbital Command  
  26  3:25  Barracks Reactor  
  27  3:31  Starport  
  27  3:32  Factory Reactor  
  27  3:34  SCV  
  27  3:35  Barracks  
  28  3:55  SCV x2  
  30  4:04  Marine x2  
  30  4:07  SCV x2  
  34  4:12  Engineering Bay, Widow Mine x2  
  34  4:13  Barracks  
  34  4:15  Engineering Bay  
  38  4:19  SCV x2  
  40  4:27  Starport Reactor  
  40  4:29  Barracks Tech Lab  
  40  4:35  Bunker  
  40  4:36  Bunker, SCV x2, Marine  
  40  4:37  Marine  
  44  4:40  Widow Mine  
  44  4:43  Terran Infantry Weapons Level 1  
  46  4:54  Marauder  
  46  4:56  Stimpack  
  46  4:57  Marine x2  
  46  4:58  SCV  
  51  5:07  SCV  
  51  5:10  SCV  
  53  5:14  Supply Depot x2  
  53  5:15  Marine  
  53  5:25  SCV  
  54  5:31  Marine  
  54  5:35  Marine  
  54  5:36  Marauder, SCV  
  54  5:37  SCV  
  54  5:40  Barracks Tech Lab  
  54  5:41  Widow Mine x2, Command Center  
  63  5:43  Medivac x2  
  63  5:48  SCV  
  63  5:49  Supply Depot  
  68  5:53  Terran Infantry Armor Level 1  
  68  5:56  SCV  
  69  6:00  SCV  
  69  6:01  Refinery  
  69  6:02  Refinery  
  70  6:10  Marine x2, Armory  
  70  6:11  Marauder x2  
  76  6:18  Supply Depot  
  76  6:21  Combat Shields  
  76  6:28  Supply Depot x2  
  76  6:29  Marine x2  
  80  6:40  Marauder x2  
  80  6:47  Marine x2  
  82  6:49  Widow Mine x2  
  82  6:50  Medivac  
  90  6:56  Refinery  
  90  6:59  Refinery  
  92  7:01  Marauder x2  
  92  7:02  Barracks  
  92  7:06  Marine x2  
  96  7:22  Marine  
  99  7:23  Marauder  
  99  7:24  Barracks, Marine x2  
  99  7:27  Orbital Command  
  101  7:42  Marine x2  
  101  7:43  Marauder  
  107  7:44  Marauder, Concussive Shells  
  107  7:51  Barracks Reactor  
  107  7:56  Supply Depot  
  107  7:59  Supply Depot  
Tags
 
Add a new tag
Caveats
  • Supply blocks, unpowered buildings, or Contaminate may cause inaccurate times.
  • Supply counts are checked every 10 seconds.